 Dungeon Crawl Stone Soup version 0.30-a0-358-g0d69a1922f (webtiles) character file.

Game seed: 227103644304108136

6 flotson the Sneak (level 1, 0/18 HPs)
             Began as a Demonspawn Delver on Nov 10, 2022.
             Succumbed to a scorpion's poison
             ... on level 4 of the Dungeon.
             The game lasted 00:00:22 (122 turns).

flotson the Sneak (Demonspawn Delver)                Turns: 122, Time: 00:00:22

Health: 0/18       AC:  3    Str: 12    XL:     1   Next: 75%
Magic:  1/1        EV: 11    Int: 11    God:
Gold:   9          SH:  0    Dex: 14    Spells: 0/0 levels left

rFire   . . .      SeeInvis .    a - +0 hand axe
rCold   . . .      Faith    .    (no shield)
rNeg    . . .      Spirit   .    b - +0 leather armour
rPois   .          Reflect  .    (no helmet)
rElec   .          Harm     .    (no cloak)
rCorr   .          Rampage  .    (no gloves)
Will    .....                    (no boots)
Stlth   ++........               (no amulet)
HPRegen 0.23/turn                (no ring)
MPRegen 0.07/turn                (no ring)

@: lethally poisoned (0 -> -2)
A: no striking features
a: no special abilities


You were on level 4 of the Dungeon.
You visited 1 branch of the dungeon, and saw 2 of its levels.

You collected 9 gold pieces.

Inventory:

Hand Weapons
 a - a +0 hand axe (weapon)
Armour
 b - a +0 leather armour (worn)
Wands
 g - a wand of digging (3)
Scrolls
 c - a scroll of fog
 d - a scroll of magic mapping
 h - a scroll of identify {unknown}
Potions
 f - a potion of haste
 i - a potion of might {unknown}


   Skills:
 + Level 3.1 Fighting
 - Level 1.7 Axes
 + Level 0.3 Armour
 + Level 1.9 Dodging
 - Level 4.5 Stealth
 + Level 0.4 Evocations


You couldn't memorise any spells.
You didn't know any spells.
Your spell library was empty.

Dungeon Overview and Level Annotations

Branches:
Dungeon (5/15)
 Temple: D:4-7

Altars:


Message History

A kobold comes into view. It is wielding a +0 short sword.
The endoplasm quivers.
The endoplasm barely misses you. x2
You hit the endoplasm.
The endoplasm is heavily wounded.
The endoplasm hits you but does no damage.
You hit the endoplasm.
You kill the endoplasm!
The kobold shouts!
An endoplasm comes into view.
The kobold throws a stone.
The stone hits you but does no damage. The scorpion barely misses you.
The scorpion stings you.
Your unstable footing causes you to fumble your attack.
The scorpion stings you. x2
You hit the scorpion but do no damage. The scorpion misses you.
Your unstable footing causes you to fumble your attack.
The scorpion closely misses you.
The scorpion stings you but does no damage.
You closely miss the scorpion. The scorpion closely misses you.
The kobold attacks as you move away!
The kobold hits you with a +0 short sword.
The scorpion attacks as you move away!
The scorpion stings you but does no damage.
The scorpion stings you.
You are lethally poisoned!
The scorpion poisons you!
As you read the scroll of fear, it crumbles to dust.
You assume a fearsome visage.
The kobold looks frightened!
The endoplasm looks frightened!
The scorpion looks frightened!
* * * LOW HITPOINT WARNING * * *
You feel very sick.
* * * LOW HITPOINT WARNING * * *
You feel sick.
* * * LOW HITPOINT WARNING * * *
You feel sick.
* * * LOW HITPOINT WARNING * * *
You feel sick.
* * * LOW HITPOINT WARNING * * *
You feel sick.
You die...

.≈ ..≈ #.≈ .# #.# ###.#
############ #.# #.....
#..........# #.# ......
#........$.###.##......
#........@.......~...~.
#.....####........~~.~.
#.....##≈≈≈≈~.~~~~~≈~≈≈
#.....#≈≈≈≈≈~~~.≈≈K~~.~
+....##≈##..........~..
#.#....#≈≈#.....~..~.....
#.....####..#...~..~.~..
#.#...........#.#.#.#.#..
#.#.#+#+#+#+#.#.#.#.#.##
.


There were no monsters in sight!

Vanquished Creatures
  An orc (D:5)
  2 endoplasms (D:4)
  A hobgoblin (D:4)
4 creatures vanquished.

Notes
Turn   | Place    | Note
-------+----------+-------------------------------------------
     0 | D:5      | flotson the Demonspawn Delver began the quest for the Orb.
     0 | D:5      | Reached XP level 1. HP: 18/18 MP: 1/1
   107 | D:4      | Noticed a scorpion
   122 | D:4      | Succumbed to a scorpion's poison

Illustrated notes

Levels and vault maps discovered:
D:4:      layout_basic, lemuel_temple_firewalk_b, serial_rivers,
          chequers_serial_rivers_small_3, chequers_serial_rivers_small_b,
          chequers_serial_rivers_micro_a, chequers_serial_rivers_micro_e
D:5:      layout_loops_ring, elyvilon_altar_3, serial_shops, shop

Action                   || total
-------------------------++-------
Melee: Hand axe          ||    18
       Punch             ||     1
  Use: Scroll            ||     1
 Stab: Sleeping          ||     1
Armor: Leather armour    ||     6
Dodge: Dodged            ||     9

Table legend: (Time is in decaauts)
 A = Elapsed time spent in this place.
 B = Non-inter-level travel time spent in this place.
 C = Inter-level travel time spent in this place.
 D = Time resting spent in this place.
 E = Time spent auto-exploring this place.
 F = Levels seen in this place.
 G = Mean time per level.
                   A        B        C        D        E       F      G
               +--------+--------+--------+--------+--------+-----+--------+
         Total |    127 |    127 |      0 |      7 |     67 |   2 |   63.5 |
       Dungeon |    127 |    127 |      0 |      7 |     67 |   2 |   63.5 |
               +--------+--------+--------+--------+--------+-----+--------+

Top non-repeatable levels by time:
     D:4: 99 daAuts
     D:5: 28 daAuts
